 Dungeon Crawl Stone Soup version 0.29-a0-993-g4a18f31a58 (webtiles) character file.

Game seed: 2740358896227539348

25 flotson the Sneak (level 2, -5/24 HPs)
             Began as a Demonspawn Delver on Aug 2, 2022.
             Slain by a phantom (6 damage)
             ... on level 3 of the Dungeon.
             The game lasted 00:02:49 (411 turns).

flotson the Sneak (Demonspawn Delver)                Turns: 411, Time: 00:02:53

Health: -5/24      AC:  3    Str: 12    XL:     2   Next: 86%
Magic:  2/2        EV: 12    Int: 13    God:
Gold:   19         SH:  0    Dex: 14    Spells: 1/1 levels left

rFire   . . .      SeeInvis .   b - +2 long sword (vorpal)
rCold   . . .      Faith    .   (no shield)
rNeg    . . .      Spirit   .   l - +0 leather armour
rPois   .          Reflect  .   (no helmet)
rElec   .          Harm     .   (no cloak)
rCorr   .          Rampage  .   (no gloves)
Will    .....                   (no boots)
Stlth   ++........              (no amulet)
HPRegen 0.08/turn               (no ring)
MPRegen 0.08/turn               (no ring)

@: no status effects
A: big brain 1
a: no special abilities


You were on level 3 of the Dungeon.
You visited 1 branch of the dungeon, and saw 4 of its levels.

You collected 19 gold pieces.

Inventory:

Hand Weapons
 a - a +0 spear
 b - a +2 vorpal long sword (weapon)
Armour
 l - a +0 leather armour (worn)
Wands
 g - a wand of digging (3)
Scrolls
 c - a scroll of fog
Potions
 h - a potion of berserk rage {unknown}
 i - a potion of curing {unknown}
 k - a potion of lignification {unknown}


   Skills:
 + Level 3.3 Fighting
 - Level 1.7 Polearms
 + Level 1.0 Armour
 + Level 2.1 Dodging
 - Level 4.5 Stealth
 + Level 1.1 Evocations


You had one spell level left.
You didn't know any spells.
Your spell library was empty.

Dungeon Overview and Level Annotations

Branches:
Dungeon (6/15)
 Temple: D:4-7

Altars:

Shops:
D:3 :


Innate Abilities, Weirdness & Mutations

You have an unusually large brain. (Int +2)


Message History

A hobgoblin comes into view.
Found a club.
A necrophage comes into view.
The necrophage moves out of view.
Found a stone staircase leading up.
The phantom attacks as you move away! The phantom completely misses you.
The necrophage hits you but does no damage.
The necrophage attacks as you move away!
The necrophage barely misses you. The phantom attacks as you move away!
The phantom closely misses you.
There is a stone staircase leading up here.
The phantom barely misses you.
You climb upwards.
Found a scroll labelled PEBBEG TEHEC.
There is a stone staircase leading down here.
Okay, then.
Found 12 gold pieces.
The phantom hits you.
* * * LOW HITPOINT WARNING * * *
Found 13 gold pieces.
The kobold shouts!
You hear a shout!
The kobold closely misses you.
A goblin comes into view. It is wielding a +0 vampiric dagger.
Found a scroll labelled OBASSO OLITZ.
The kobold barely misses you. The kobold hits you with a +0 whip.
* * * LOW HITPOINT WARNING * * *
A frilled lizard comes into view.
Found a leather armour.
The goblin barely misses you.
A frilled lizard comes into view.
The frilled lizard hisses angrily.
You open the door. The phantom misses you.
Found a faded altar of an unknown god.
Found a robe.
Found Kiok's Book Shoppe.
The frilled lizard barely misses you.
There is an open door here.
As you read the scroll of fear, it crumbles to dust.
You assume a fearsome visage.
The kobold looks frightened!
The frilled lizard looks frightened!
The goblin looks frightened!
The phantom is unaffected.
The goblin nearly stumbles in trying to escape.
The phantom hits you.
You die...

#............## #
#............# [∩ .####
#.........≈~≈##.#
....####...$..~~~≈≈≈≈≈#
............#≈≈≈≈≈≈≈≈
#.......##..K~≈≈≈≈≈≈≈
#.......####g.≈##### ~
#.......# ###.#...#≈≈≈~
#>......# #lW@_.#≈≈≈~
#.......# #≈#...#≈≈≈~
#?......# #≈≈##### .
######### #≈≈≈≈ ≈≈≈
##≈≈≈ ≈≈≈≈ ##≈≈ ≈~~~~.
###≈≈~.... ##....


You could see a phantom, a goblin (fleeing), a kobold (fleeing) and a frilled
lizard (fleeing).

Vanquished Creatures
  An iguana (D:5)
1 creature vanquished.

Notes
Turn   | Place    | Note
-------+----------+-------------------------------------------
     0 | D:5      | flotson the Demonspawn Delver began the quest for the Orb.
     0 | D:5      | Reached XP level 1. HP: 18/18 MP: 1/1
     8 | D:5      | Noticed an iguana
   194 | D:5      | Killed an iguana
   195 | D:5      | Reached skill level 1 in Armour
   195 | D:5      | Reached skill level 1 in Evocations
   195 | D:5      | Gained mutation: You have an unusually large brain. (Int
                  | +2) [demonic ancestry]
   195 | D:5      | Reached XP level 2. HP: 8/24 MP: 2/2
   322 | D:5      | Noticed a scorpion
   326 | D:5      | Noticed a phantom
   336 | D:5      | Noticed an ice beast
   383 | D:4      | Noticed a necrophage
   400 | D:3      | HP: 1/24 [kobold/+0 whip (3)]
   408 | D:3      | Found a faded altar of an unknown god.
   409 | D:3      | Found Kiok's Book Shoppe.
   411 | D:3      | Slain by a phantom

Illustrated notes

Levels and vault maps discovered:
D:3:      minmay_spotlight, layout_rooms, mainiacjoe_overflow_cross_hatched,
          nicolae_vehumet_altar_sigil, serial_shops, shop,
          nicolae_ecumenical_lake_church
D:4:      layout_basic, minmay_manual_mail, uniq_grinder
D:5:      layout_basic
D:6:      layout_loops_corners, minmay_temple_entry_poolview,
          minmay_misc_feat_ornament, uniq_duvessa

Skill      XL: |  1 |
---------------+----+-----
Armour         | 1 |  1.0
Dodging        | 2 |  2.1
Evocations     | 1 |  1.1
Fighting       | |  3.3
Polearms       | |  1.7
Stealth        | |  4.5

Action                   || total
-------------------------++-------
Melee: Long sword        ||     9
  Use: Potion            ||     1
       Scroll            ||     4
Armor: Leather armour    ||     2
Dodge: Dodged            ||    20

Table legend: (Time is in decaauts)
 A = Elapsed time spent in this place.
 B = Non-inter-level travel time spent in this place.
 C = Inter-level travel time spent in this place.
 D = Time resting spent in this place.
 E = Time spent auto-exploring this place.
 F = Levels seen in this place.
 G = Mean time per level.
                   A        B        C        D        E       F      G
               +--------+--------+--------+--------+--------+-----+--------+
         Total |    394 |    394 |      0 |      0 |    225 |   4 |   98.5 |
       Dungeon |    394 |    394 |      0 |      0 |    225 |   4 |   98.5 |
               +--------+--------+--------+--------+--------+-----+--------+

Top non-repeatable levels by time:
     D:5: 231 daAuts
     D:6: 95 daAuts
     D:4: 50 daAuts
     D:3: 16 daAuts
